 Dungeon Crawl Stone Soup version 0.30.1-8-g117510f58f (webtiles) character file.

Game seed: 13141540754122624609

81 ChiefBigBeans the Grasshopper (level 4, -2/39 HPs)
             Began as an Armataur Warper on Sept 24, 2023.
             Slain by Sigmund
             ... wielding a +0 scythe
              (9 damage)
             ... on level 2 of the Dungeon.
             The game lasted 00:05:07 (1458 turns).

ChiefBigBeans the Grasshopper (Armataur Warper)     Turns: 1458, Time: 00:05:08

Health: -2/39      AC:  8    Str: 16    XL:     4   Next: 20%
Magic:  7/7        EV:  2    Int: 14    God:
Gold:   116        SH:  0    Dex: 11    Spells: 5/7 levels left

rFire   . . .        a - +0 mace
rCold   . . .        (no shield)
rNeg    . . .        o - +0 plate armour
rPois   .            (no helmet)
rElec   .            d - scarf {shadows}
rCorr   .            (no gloves)
SInv    .            (no barding)
Will    .....        (no amulet) Stlth
                     (no ring)
HPRegen 0.26/turn    (no ring)
MPRegen 0.10/turn

%: roll
@: no status effects
A: large, rugged brown scales 3, deformed body, armoured tail, roll, long
tongue, awkward tongue
a: no special abilities


You were on level 2 of the Dungeon.
You visited 1 branch of the dungeon, and saw 2 of its levels.

You collected 116 gold pieces.

Inventory:

Hand Weapons
 a - a +0 mace (weapon)
Armour
 b - a +0 leather armour
 d - a scarf of shadows (worn)
 e - a +0 pair of boots
 o - a +0 plate armour (worn)
Jewellery
 l - a +6 ring of intelligence
Scrolls
 c - a scroll of blinking
 g - 3 scrolls of teleportation {unknown}
 k - 3 scrolls of identify {unknown}
 n - 2 scrolls of enchant armour {unknown}
Potions
 f - a potion of mutation {unknown}
 h - a potion of berserk rage {unknown}
 i - a potion of flight {unknown}
 j - a potion of cancellation {unknown}
 m - a potion of curing {unknown}
 p - a potion of attraction {unknown}


   Skills:
 + Level 2.3 Fighting
 + Level 2.3 Maces & Flails
 + Level 2.1 Throwing
 - Level 1.2 Armour
 - Level 1.3 Dodging
 - Level 2.2 Spellcasting
 - Level 3.3 Translocations


You had 5 spell levels left.
You knew the following spells:

 Your Spells              Type           Power      Damage    Failure   Level
a - Blink                 Tloc           20%        N/A       100%        2

Your spell library contained the following spells:

 Spells                   Type           Power      Damage    Failure   Level
 Lesser Beckoning         Tloc           20%        N/A       100%        2
 Teleport Other           Tloc           10%        N/A       100%        3
 Vhi's Electric Charge    Tloc/Air       12%        N/A       100%        3
 Manifold Assault         Tloc           10%        N/A       100%        4


Dungeon Overview and Level Annotations

Branches:
Dungeon (2/15)

Altars:

Annotations:
D:2 Sigmund


Innate Abilities, Weirdness & Mutations

You are completely covered in rugged brown scales. (AC +3, +7% HP)
Armour fits poorly on your strangely shaped body.
You have a long armoured tail.
You roll when moving toward enemies. (Rampage)
Your long tongue fully drains potion bottles. (2x potion effects)
Your tongue gives you trouble enunciating. (1.5x scroll delay)


Message History

Sigmund appears from thin air!
Reactivating autopickup.
The orc hits you with a +0 whip. Sigmund barely misses you.
You closely miss the orc. You tail-slap the orc.
The orc is heavily wounded.
The orc hits you but does no damage.
You hit the orc but do no damage.
Your tail-slap misses the orc.
The orc is heavily wounded.
Sigmund hits you from afar with a +0 scythe.
The orc hits you with a +0 whip.
* * * LOW HITPOINT WARNING * * *
The orc hits you but does no damage.
You hit the orc but do no damage.
The orc is heavily wounded.
Sigmund barely misses you. The orc hits you with a +0 whip.
* * * LOW HITPOINT WARNING * * *
You completely miss the orc.
The orc is heavily wounded.
Sigmund hits you from afar with a +0 scythe.
* * * LOW HITPOINT WARNING * * *
The orc hits you but does no damage.
You closely miss the orc.
Your tail-slap misses the orc.
You punch the orc.
The orc is severely wounded.
The orc hits you but does no damage. Sigmund hits you but does no damage.
You barely miss the orc.
The orc is severely wounded.
The orc hits you but does no damage. x2
Sigmund hits you from afar with a +0 scythe.
* * * LOW HITPOINT WARNING * * *
You hit the orc but do no damage.
Your tail-slap misses the orc.
The orc is heavily wounded.
The orc hits you but does no damage. Sigmund hits you but does no damage.
You barely miss the orc.
The orc is heavily wounded.
The orc hits you but does no damage.
You hit the orc but do no damage.
The orc is heavily wounded.
The orc completely misses you.
Sigmund hits you from afar with a +0 scythe!
You die...

#..##...#....####....
#....................
###########.#########
#.....# #.... #.#####
#.### #.# #.# #.# #.#
######.# #.# #.o@...#
#.#
#@####.#########.#
###.####...........#
#.....##############
#.###o#########
#.##..........##
#.#.#...##...#.#
#.#..#..##..#..####
#.....#....#......#


You could see Sigmund and an orc.

Vanquished Creatures
  An orc wizard (D:2)
  An adder (D:2)
  2 worms (D:2)
  A dart slug (D:2)
  An orc (D:2)
  3 ball pythons (D:2)
  4 endoplasms
  2 giant cockroaches (D:2)
  A goblin (D:2)
  3 hobgoblins
  2 jackals (D:1)
  3 quokkas
  2 bats (D:1)
  3 frilled lizards (D:2)
  2 kobolds (D:1)
  6 rats (D:2)
37 creatures vanquished.

Notes
Turn   | Place    | Note
-------+----------+-------------------------------------------
     0 | D:1      | ChiefBigBeans the Armataur Warper began the quest for the
                  | Orb.
     0 | D:1      | Reached XP level 1. HP: 18/18 MP: 3/3
   173 | D:1      | Reached skill level 1 in Throwing
   251 | D:1      | You fall into a shaft and drop 1 floor!
   341 | D:2      | Reached XP level 2. HP: 24/25 MP: 5/5
   723 | D:1      | Learned a level 2 spell: Blink
  1042 | D:2      | Reached XP level 3. HP: 30/31 MP: 6/6
  1405 | D:2      | Noticed Sigmund
  1448 | D:2      | Reached XP level 4. HP: 16/39 MP: 7/7
  1458 | D:2      | Slain by Sigmund

Illustrated notes

Levels and vault maps discovered:
D:1:      kilobyte_arrival_exit_the_forest, layout_loops_ring, chequers_garden
D:2:      minmay_recursive_quarters, layout_basic, basic_altar, serial_shops,
          shop, minivault_26, uniq_sigmund, uniq_crazy_yiuf_cottage

Skill      XL: |  1  2  3 |
---------------+----------+-----
Throwing       | 1 2 |  2.1
Spellcasting   | 2 |  2.2
Maces & Flails | 2 |  2.3
Fighting       | 2 |  2.3
Armour         | |  1.2
Dodging        | |  1.3
Translocations | |  3.3

Action                     |  1- 3 |  4- 6 || total
---------------------------+-------+-------++-------
  Melee: Mace              |   100 |    11 ||   111
         Tailslap          |    13 |     1 ||    14
         Punch             |     2 |     1 ||     3
  Throw: Boomerang         |     7 |       ||     7
    Use: Scroll            |     1 |       ||     1
 Armour: Leather armour    |     9 |       ||     9
         Plate armour      |    63 |    13 ||    76
  Dodge: Dodged            |    22 |     3 ||    25
